| TOP OF THE 1ST |
|
Winston-Salem Dash batting - Pitching for Bradenton Marauders : RHP Pablo Ramirez
|
|
Pitching: RHP Pablo Ramirez
|
|
|
Batting: RHB Kunimatsu Oya
|
0-0: Ball 1-0: Ball 2-0: Ball 3-0: Base on Balls
|
|
Batting: SHB Andres Agudo
|
0-0: Sac Bunt to 5S - play at first, batter OUT! 5-3 Kunimatsu Oya to second
|
|
Batting: LHB Jesus Ramirez
|
0-0: Called Strike 0-1: Ball 1-1: Called Strike 1-2: Ball 2-2: Ball 3-2: Foul Ball, location: 3SF 3-2: Base on Balls
|
|
Batting: RHB Tony Garcia
|
0-0: Ball 1-0: Fly out, F9 (Flyball, 9, EV 97.5 MPH) Runner from 2nd tags up, OUT at 3rd! 9-5
|
| Top of the 1st over - 0 runs, 0 hits, 0 errors, 1 left on base; Winston-Salem 0 - Bradenton 0 |
| BOTTOM OF THE 1ST |
|
Bradenton Marauders batting - Pitching for Winston-Salem Dash : RHP Ruben Castro
|
|
Pitching: RHP Ruben Castro
|
|
|
Batting: RHB Zachery Loomis
|
0-0: Called Strike 0-1: Swinging Strike 0-2: Ground out 6-3 (Groundball, 6, EV 86.9 MPH)
|
|
Batting: LHB Tommie Benefield
|
0-0: Ball 1-0: Called Strike 1-1: Called Strike 1-2: Strikes out swinging
|
|
Batting: LHB Sun-wei Kuai
|
0-0: Fly out, F9 (Flyball, 9LD, EV 104.4 MPH)
|
| Bottom of the 1st over - 0 runs, 0 hits, 0 errors, 0 left on base; Winston-Salem 0 - Bradenton 0 |
| TOP OF THE 2ND |
|
Winston-Salem Dash batting - Pitching for Bradenton Marauders : RHP Pablo Ramirez
|
|
Batting: SHB Noah Long
|
0-0: Ball 1-0: Fly out, F8 (Flyball, 78M, EV 95.0 MPH)
|
|
Batting: RHB Tommy Ellington
|
0-0: Called Strike 0-1: Ball 1-1: Called Strike 1-2: Foul Ball, location: 9LMF 1-2: Ball 2-2: Strikes out swinging
|
|
Batting: RHB Santos Guadalupe
|
0-0: Ball 1-0: SINGLE (Line Drive, 34D, EV 101.9 MPH)
|
|
Batting: LHB Jose Pereyra
|
0-0: Ball 1-0: Foul Ball, location: 2F 1-1: Called Strike 1-2: Strikes out swinging
|
| Top of the 2nd over - 0 runs, 1 hit, 0 errors, 1 left on base; Winston-Salem 0 - Bradenton 0 |
| BOTTOM OF THE 2ND |
|
Bradenton Marauders batting - Pitching for Winston-Salem Dash : RHP Ruben Castro
|
|
Batting: RHB Jason Rhodes
|
0-0: Called Strike 0-1: Foul Ball, location: 2F 0-2: Ball 1-2: Strikes out looking
|
|
Batting: LHB Damien Cohen
|
0-0: Ground out 1-3 (Groundball, 13S, EV 72.5 MPH)
|
|
Batting: RHB Ryan Thurston
|
0-0: Foul Ball, location: 2F 0-1: Ball 1-1: Ground out 6-3 (Groundball, 6, EV 108.1 MPH)
|
| Bottom of the 2nd over - 0 runs, 0 hits, 0 errors, 0 left on base; Winston-Salem 0 - Bradenton 0 |
| TOP OF THE 3RD |
|
Winston-Salem Dash batting - Pitching for Bradenton Marauders : RHP Pablo Ramirez
|
|
Batting: RHB Miguel Pacheco
|
0-0: Swinging Strike 0-1: Ball 1-1: Ground out 4-3 (Groundball, 4, EV 84.4 MPH)
|
|
Batting: RHB Kunimatsu Oya
|
0-0: Ball 1-0: SINGLE (Line Drive, 4D, EV 97.5 MPH)
|
|
Batting: SHB Andres Agudo
|
0-0: Swinging Strike 0-1: Ball 1-1: Ball Kunimatsu Oya is caught stealing 2nd base 2-6 2-1: Called Strike 2-2: Ball 3-2: Strikes out swinging
|
| Top of the 3rd over - 0 runs, 1 hit, 0 errors, 0 left on base; Winston-Salem 0 - Bradenton 0 |
| BOTTOM OF THE 3RD |
|
Bradenton Marauders batting - Pitching for Winston-Salem Dash : RHP Ruben Castro
|
|
Batting: SHB Thad Shearing
|
0-0: Swinging Strike 0-1: Ball 1-1: Ball 2-1: SINGLE (Groundball, 4, EV 82.5 MPH)
|
|
Batting: RHB Joe Stepnowski
|
0-0: Sac Bunt to 23 - play at first, batter OUT! 3-4 Thad Shearing to second
|
|
Batting: LHB Sean Driscoll
|
0-0: Ball 1-0: Ball 2-0: Ball 3-0: Called Strike 3-1: Swinging Strike 3-2: Base on Balls
|
|
Batting: RHB Zachery Loomis
|
0-0: Called Strike 0-1: SINGLE (Line Drive, 4MD, EV 98.8 MPH) Thad Shearing to third Sean Driscoll to second Runner from 3rd tries for Home, SAFE, throw by CF to home
|
|
Batting: LHB Tommie Benefield
|
0-0: Called Strike 0-1: Called Strike 0-2: Ball 1-2: Foul Ball, location: 2F 1-2: Foul Ball, location: 9LMF 1-2: Strikes out swinging
|
|
Batting: LHB Sun-wei Kuai
|
0-0: Ball 1-0: Ball 2-0: Foul Ball, location: 2F 2-1: SINGLE (Groundball, 56S, EV 67.5 MPH) (infield hit) Sean Driscoll to third Zachery Loomis to second
|
|
Batting: RHB Jason Rhodes
|
0-0: Ground out 5-3 (Groundball, 5S, EV 90.0 MPH)
|
| Bottom of the 3rd over - 1 run, 3 hits, 0 errors, 3 left on base; Winston-Salem 0 - Bradenton 1 |
| TOP OF THE 4TH |
|
Winston-Salem Dash batting - Pitching for Bradenton Marauders : RHP Pablo Ramirez
|
|
Batting: LHB Jesus Ramirez
|
0-0: Swinging Strike 0-1: Called Strike 0-2: Ball 1-2: Ground out 4-3 (Groundball, 34, EV 81.9 MPH)
|
|
Batting: RHB Tony Garcia
|
0-0: Called Strike 0-1: Ball 1-1: Ball 2-1: Foul Ball, location: 2F 2-2: SINGLE (Groundball, 56S, EV 67.5 MPH) (infield hit)
|
|
Batting: SHB Noah Long
|
0-0: Called Strike 0-1: Foul Ball, location: 5F 0-2: Ball 1-2: Strikes out swinging
|
|
Batting: RHB Tommy Ellington
|
0-0: Swinging Strike 0-1: Called Strike 0-2: Foul Ball, location: 9LDF 0-2: Strikes out swinging
|
| Top of the 4th over - 0 runs, 1 hit, 0 errors, 1 left on base; Winston-Salem 0 - Bradenton 1 |
| BOTTOM OF THE 4TH |
|
Bradenton Marauders batting - Pitching for Winston-Salem Dash : RHP Ruben Castro
|
|
Batting: LHB Damien Cohen
|
0-0: Ball 1-0: Ground out U3 (Groundball, 3, EV 86.9 MPH)
|
|
Batting: RHB Ryan Thurston
|
0-0: Called Strike 0-1: Foul Ball, location: 9LMF 0-2: Ball 1-2: Ball 2-2: Ball 3-2: Ground out 5-3 (Groundball, 5S, EV 86.3 MPH)
|
|
Batting: SHB Thad Shearing
|
0-0: Ball 1-0: Ball 2-0: Called Strike 2-1: Foul Ball, location: 2F 2-2: Strikes out looking
|
| Bottom of the 4th over - 0 runs, 0 hits, 0 errors, 0 left on base; Winston-Salem 0 - Bradenton 1 |
| TOP OF THE 5TH |
|
Winston-Salem Dash batting - Pitching for Bradenton Marauders : RHP Pablo Ramirez
|
|
Batting: RHB Santos Guadalupe
|
0-0: Ball 1-0: Ball 2-0: Ball 3-0: Called Strike 3-1: Base on Balls
|
|
Batting: LHB Jose Pereyra
|
0-0: Called Strike 0-1: Sac Bunt to 25 - play at first, batter OUT! 5-3 Santos Guadalupe to second
|
|
Batting: RHB Miguel Pacheco
|
0-0: Fly out, F2 (Popup, 23F, EV 87.5 MPH)
|
|
Batting: RHB Kunimatsu Oya
|
0-0: DOUBLE (Line Drive, 89D, EV 97.5 MPH) Santos Guadalupe scores
|
|
Batting: SHB Andres Agudo
|
0-0: Ball 1-0: Foul Ball, location: 7LDF 1-1: Called Strike 1-2: Ball 2-2: Ground out 4-3 (Groundball, 4, EV 83.8 MPH)
|
| Top of the 5th over - 1 run, 1 hit, 0 errors, 1 left on base; Winston-Salem 1 - Bradenton 1 |
| BOTTOM OF THE 5TH |
|
Bradenton Marauders batting - Pitching for Winston-Salem Dash : RHP Ruben Castro
|
|
Batting: RHB Joe Stepnowski
|
0-0: Called Strike 0-1: Called Strike 0-2: Ground out 6-3 (Groundball, 6, EV 90.6 MPH)
|
|
Batting: LHB Sean Driscoll
|
0-0: Called Strike 0-1: Swinging Strike 0-2: Foul Ball, location: 3F 0-2: Ball 1-2: Strikes out swinging
|
|
Batting: RHB Zachery Loomis
|
0-0: Ball 1-0: Ground out 5-3 (Groundball, 56, EV 100.6 MPH)
|
| Bottom of the 5th over - 0 runs, 0 hits, 0 errors, 0 left on base; Winston-Salem 1 - Bradenton 1 |
| TOP OF THE 6TH |
|
Winston-Salem Dash batting - Pitching for Bradenton Marauders : RHP Pablo Ramirez
|
|
Batting: LHB Jesus Ramirez
|
0-0: Ball 1-0: SINGLE (Groundball, 56D, EV 110.0 MPH)
|
|
Batting: RHB Tony Garcia
|
0-0: Ball 1-0: Called Strike 1-1: Foul Ball, location: 9LSF 1-2: Foul Ball, location: 2F 1-2: Foul Ball, location: 9LDF 1-2: Fly out, F8 (Flyball, 89S, EV 79.4 MPH)
|
|
Pitching: RHP Ray Maki
|
|
|
Batting: LHB Ryan Dyal
|
0-0: Foul Ball, location: 2F 0-1: Ball 1-1: Ball 2-1: Called Strike 2-2: Ball 3-2: Base on Balls Jesus Ramirez to second
|
|
Batting: RHB Tommy Ellington
|
0-0: Fly out, F8 (Flyball, 89D, EV 101.9 MPH)
|
|
Batting: RHB Santos Guadalupe
|
0-0: SINGLE (Line Drive, 8RS, EV 106.3 MPH) Jesus Ramirez to third Ryan Dyal to second Runner from 3rd tries for Home, SAFE, throw by CF to home
|
|
Batting: LHB Jose Pereyra
|
0-0: Ball 1-0: Ball 2-0: Swinging Strike 2-1: Foul Ball, location: 5FF 2-2: Foul Ball, location: 7LMFF 2-2: Foul Ball, location: 25F 2-2: Strikes out looking
|
| Top of the 6th over - 1 run, 2 hits, 0 errors, 2 left on base; Winston-Salem 2 - Bradenton 1 |
| BOTTOM OF THE 6TH |
|
Bradenton Marauders batting - Pitching for Winston-Salem Dash : RHP Ruben Castro
|
|
Batting: LHB Tommie Benefield
|
0-0: Called Strike 0-1: Ball 1-1: Foul Ball, location: 9LMF 1-2: Ball 2-2: Strikes out swinging
|
|
Batting: LHB Sun-wei Kuai
|
0-0: Called Strike 0-1: Ball 1-1: Foul Ball, location: 2F 1-2: Strikes out looking
|
|
Batting: RHB Jason Rhodes
|
0-0: Foul Ball, location: 5SF 0-1: Called Strike 0-2: Strikes out swinging
|
| Bottom of the 6th over - 0 runs, 0 hits, 0 errors, 0 left on base; Winston-Salem 2 - Bradenton 1 |
| TOP OF THE 7TH |
|
Winston-Salem Dash batting - Pitching for Bradenton Marauders : RHP Ray Maki
|
|
Batting: RHB Miguel Pacheco
|
0-0: Ball 1-0: Ball 2-0: Ground out 6-3 (Groundball, 6, EV 82.5 MPH)
|
|
Batting: RHB Kunimatsu Oya
|
0-0: Called Strike 0-1: Ball 1-1: Ball 2-1: Foul Ball, location: 25FF 2-2: Foul Ball, location: 23F 2-2: Ball 3-2: Foul Ball, location: 2F 3-2: Fly out, F4 (Popup, 4, EV 66.3 MPH)
|
|
Batting: SHB Andres Agudo
|
0-0: Ball 1-0: Foul Ball, location: 7LDF 1-1: SOLO HOME RUN (Flyball, 78XD, EV 99.4 MPH), Distance : 397 ft
|
|
Batting: LHB Jesus Ramirez
|
0-0: Foul Ball, location: 5SF 0-1: Ball 1-1: Ball 2-1: Foul Ball, location: 3FF 2-2: Strikes out swinging
|
| Top of the 7th over - 1 run, 1 hit, 0 errors, 0 left on base; Winston-Salem 3 - Bradenton 1 |
| BOTTOM OF THE 7TH |
|
Bradenton Marauders batting - Pitching for Winston-Salem Dash : RHP Ruben Castro
|
|
Batting: LHB Damien Cohen
|
0-0: Foul Ball, location: 25F 0-1: Swinging Strike 0-2: Foul Ball, location: 2F 0-2: Strikes out looking
|
|
Batting: RHB Ryan Thurston
|
0-0: Called Strike 0-1: Ball 1-1: Ball 2-1: Foul Ball, location: 5FF 2-2: Ball 3-2: Strikes out swinging
|
|
Batting: SHB Thad Shearing
|
0-0: Ground out 4-3 (Groundball, 4, EV 93.1 MPH)
|
| Bottom of the 7th over - 0 runs, 0 hits, 0 errors, 0 left on base; Winston-Salem 3 - Bradenton 1 |
| TOP OF THE 8TH |
|
Winston-Salem Dash batting - Pitching for Bradenton Marauders : RHP Ray Maki
|
|
Batting: RHB Tony Garcia
|
0-0: Foul Ball, location: 5F 0-1: Ball 1-1: Fly out, F3 (Line Drive, 4, EV 73.8 MPH)
|
|
Batting: LHB Ryan Dyal
|
0-0: Called Strike 0-1: Swinging Strike 0-2: Fly out, F8 (Flyball, 78D, EV 106.3 MPH)
|
|
Batting: RHB Tommy Ellington
|
0-0: Called Strike 0-1: DOUBLE (Line Drive, 89D, EV 105.6 MPH)
|
|
Pitching: LHP Juan Hernandez
|
|
|
Batting: RHB Santos Guadalupe
|
0-0: Ball 1-0: Called Strike 1-1: Ball 2-1: Foul Ball, location: 2F 2-2: SINGLE (Groundball, 34D, EV 96.3 MPH) Tommy Ellington to third Runner from 3rd tries for Home, SAFE, throw by RF to home
|
|
Batting: LHB Jose Pereyra
|
0-0: SINGLE (Groundball, P, EV 84.4 MPH) (infield hit) Santos Guadalupe to second
|
|
Batting: RHB Miguel Pacheco
|
0-0: Swinging Strike 0-1: Called Strike 0-2: Strikes out looking
|
| Top of the 8th over - 1 run, 3 hits, 0 errors, 2 left on base; Winston-Salem 4 - Bradenton 1 |
| BOTTOM OF THE 8TH |
|
Bradenton Marauders batting - Pitching for Winston-Salem Dash : RHP Ruben Castro
|
|
Pitching: RHP Steve Friesner
|
|
|
Batting: RHB Joe Stepnowski
|
0-0: SINGLE (Groundball, 6, EV 102.5 MPH) (infield hit)
|
|
Batting: LHB Sean Driscoll
|
0-0: Ball 1-0: Ball 2-0: Ball 3-0: Called Strike 3-1: Base on Balls Joe Stepnowski to second
|
|
Batting: RHB Zachery Loomis
|
0-0: Ball 1-0: Foul Ball, location: 2F 1-1: Swinging Strike 1-2: Ball 2-2: Foul Ball, location: 2F 2-2: Ball 3-2: Fielders Choice at 2nd, 3-6 (Groundball, 3, EV 83.8 MPH) Joe Stepnowski to third
|
|
Batting: LHB Tommie Benefield
|
0-0: Ball 1-0: Called Strike 1-1: Ball 2-1: Swinging Strike 2-2: Ball 3-2: Strikes out swinging
|
|
Batting: LHB Sun-wei Kuai
|
0-0: Ball 1-0: Called Strike 1-1: SINGLE (Groundball, 3, EV 100.6 MPH) (infield hit) Joe Stepnowski scores Zachery Loomis to second
|
|
Batting: RHB Jason Rhodes
|
0-0: Foul Ball, location: 2F 0-1: Ball 1-1: Foul Ball, location: 2F 1-2: Strikes out looking
|
| Bottom of the 8th over - 1 run, 2 hits, 0 errors, 2 left on base; Winston-Salem 4 - Bradenton 2 |
| TOP OF THE 9TH |
|
Winston-Salem Dash batting - Pitching for Bradenton Marauders : LHP Juan Hernandez
|
|
Pitching: RHP Tomas Cavazos
|
|
|
Batting: RHB Kunimatsu Oya
|
0-0: Ball 1-0: Foul Ball, location: 2LF 1-1: Fly out, F8 (Flyball, 8LD, EV 103.8 MPH)
|
|
Batting: SHB Andres Agudo
|
0-0: Swinging Strike 0-1: Foul Ball, location: 2LF 0-2: Ball 1-2: Strikes out looking
|
|
Batting: LHB Jesus Ramirez
|
0-0: Ball 1-0: Foul Ball, location: 2F 1-1: Foul Ball, location: 7LSF 1-2: Fly out, F8 (Flyball, 89M, EV 90.0 MPH)
|
| Top of the 9th over - 0 runs, 0 hits, 0 errors, 0 left on base; Winston-Salem 4 - Bradenton 2 |
| BOTTOM OF THE 9TH |
|
Bradenton Marauders batting - Pitching for Winston-Salem Dash : RHP Steve Friesner
|
|
Pitching: LHP Rodolfo Valencia
|
|
|
Now at 2B: Ethan McCullough
|
|
|
Pinch Hitting: RHB Matt Derrien
|
0-0: Ball 1-0: Fly out, F7 (Line Drive, 7, EV 93.1 MPH)
|
|
Pinch Hitting: RHB Matt Rangel
|
0-0: DOUBLE (Line Drive, 9LM, EV 94.4 MPH)
|
|
Pinch Hitting: RHB Oscar Munoz
|
0-0: Ball 1-0: Swinging Strike 1-1: Swinging Strike 1-2: Ball 2-2: Ball 3-2: Base on Balls
|
|
Batting: RHB Joe Stepnowski
|
0-0: Foul Ball, location: 2F 0-1: Ball 1-1: Ball 2-1: Called Strike 2-2: Strikes out swinging
|
|
Batting: SHB Jiong Qi
|
0-0: Ball 1-0: Foul Ball, location: 2F 1-1: Hit by Pitch Matt Rangel to third Oscar Munoz to second
|
|
Batting: RHB Zachery Loomis
|
0-0: Called Strike 0-1: Ball 1-1: Called Strike 1-2: Strikes out swinging
|
| Bottom of the 9th over - 0 runs, 1 hit, 0 errors, 3 left on base; Winston-Salem 4 - Bradenton 2 |
|